 Dungeon Crawl Stone Soup version 0.17-a0-562-gfd539b1 (webtiles) character file.

3563 Fluffy the Grappler (level 9, -4/92 HPs)
             Began as a Troll Monk on Apr 14, 2015.
             Was a High Priest of Makhleb.
             Slain by an orc warrior
             ... wielding a cursed -2 halberd
              (24 damage)
             ... in a bailey.
             The game lasted 00:20:57 (6437 turns).

Fluffy the Grappler (Troll Monk)                    Turns: 6437, Time: 00:20:58

Health: -4/92      AC:  7    Str: 21    XL:     9   Next: 83%
Magic:  12/12      EV: 13    Int:  6    God:    Makhleb [*****.]
Gold:   417        SH:  0    Dex: 15    Spells: 0 memorised, 8 levels left

rFire  + . .     SeeInvis .       - Unarmed
rCold  x . .     Clarity  +     i - steam dragon hide
rNeg   . . .     SustAb   .     (no shield)
rPois  .         Gourm    +     (helmet restricted)
rElec  .         Spirit   .     q - +1 cloak
rCorr  .         Warding  .     (gloves unavailable)
rMut   .         Stasis   .     (boots unavailable)
MR     .....                    H - amulet of clarity
Stlth  ++........               c - ring of invisibility
                                r - ring of fire

@: not resistant to hostile enchantments, unstealthy
A: unfitting armour, claws 3, fast metabolism 3, gourmand, regeneration 2,
shaggy fur 1, tough skin 2
a: Minor Destruction, Lesser Servant of Makhleb, Major Destruction, Greater
Servant of Makhleb, Renounce Religion, Evoke Invisibility


You were in a bailey.
You worshipped Makhleb.
Makhleb was extremely pleased with you.
You were very full.

You visited 2 branches of the dungeon, and saw 10 of its levels.
You also visited: Ossuary and Bailey.

You collected 455 gold pieces.
You spent 38 gold pieces at shops.

Inventory:

Hand weapons
 p - a +2 quarterstaff of chaos
Missiles
 w - 6 tomahawks of dispersal (quivered)
Armour
 i - a steam dragon hide (worn)
 q - a +1 cloak (worn)
Jewellery
 c - a ring of invisibility (right claw)
 r - a ring of fire (left claw)
 H - an amulet of clarity (around neck)
Magical devices
 t - a wand of fire (15)
 v - a wand of random effects (13)
 y - a wand of magic darts (18)
Scrolls
 a - a scroll of magic mapping
 d - 3 scrolls of amnesia
 g - 5 scrolls of remove curse
 k - 2 scrolls of enchant armour
 u - 4 scrolls of teleportation
Potions
 e - 3 potions of resistance
 m - a potion of agility
 o - 5 potions of curing
 s - 4 potions of ambrosia
 x - a potion of might
 B - a potion of invisibility
 C - 2 potions of cure mutation
 D - 2 potions of heal wounds
 E - 3 potions of flight {unknown}
 F - 2 potions of brilliance {unknown}
 I - a potion of haste
Comestibles
 b - 10 bread rations
 f - 8 beef jerkies
 j - 2 slices of pizza
 n - 3 meat rations
 A - 6 fruits


   Skills:
 + Level 6.5 Fighting
 + Level 6.7 Dodging
 - Level 1.1 Stealth
 + Level 8.2 Unarmed Combat
 + Level 5.6 Invocations


You had 8 spell levels left.
You didn't know any spells.

Dungeon Overview and Level Annotations

Branches:
Dungeon (9/15)             Temple (1/1) D:4            Lair (0/8) D:8
    Orc: D:9-12

Altars:
Ashenzari
Cheibriados
Dithmenos
Elyvilon
Fedhas
Gozag
Kikubaaqudgha
Makhleb
Nemelex Xobeh
Okawaru
Qazlal
Ru
Sif Muna
Trog
Vehumet
Xom
Yredelemnul
Zin
The Shining One

Shops:
D:4 =   D:8 ?


Innate Abilities, Weirdness & Mutations

You are too large for most types of armour.
You have claws for hands.
Your metabolism is lightning-fast.
You like to eat raw meat.
You heal very quickly.
You are covered in fur (AC +1).
You have very tough skin (AC +2).


Message History

The orc warrior is lightly wounded.
The orc warrior closely misses you.
You miss the orc warrior.
The orc warrior is lightly wounded.
The orc warrior closely misses you.
You claw the orc warrior!
The orc warrior is heavily wounded.
The orc warrior hits you with a halberd.
* * * LOW HITPOINT WARNING * * *
You claw the orc warrior!
The orc warrior is severely wounded.
The orc warrior hits you from afar with a halberd.
* * * LOW HITPOINT WARNING * * *
The orc warrior misses you.
You scratch the orc warrior but do no damage.
The orc warrior is severely wounded.
You closely miss the orc warrior.
The orc warrior is severely wounded.
The orc warrior hits you from afar with a halberd!!
You die...

### #########∩## ####
##.....##...##....
#..≈≈≈..#(..#..≈≈≈
#@≈≈.≈≈.......≈≈o≈
#..oo.≈..)≈...(...≈ooo
#$..#.≈≈.≈≈.......≈≈o≈
#(..#..≈≈≈..#...#..≈≈≈
#.. ##.....##.∩.##....
##. #########∩## ####
# ###


You could see 2 orc warriors.

Vanquished Creatures
  A fire drake (D:8)
  A two-headed ogre (D:6)
  A wraith (D:7)
  A steam dragon (D:8)
  Edmund (D:6)
  A water moccasin (D:7)
  3 orc warriors (Bailey)
  2 black bears
  2 centaurs
  2 sky beasts
  4 ogres
  2 elf zombies (Ossuary)
  2 giant frogs (D:6)
  An oklob sapling (D:4)
  3 crimson imps
  2 centaur zombies
  5 hounds
  2 quasits
  2 orc priests
  Crazy Yiuf (D:2)
  2 centaur skeletons (D:9)
  Ijyb (D:2)
  A human zombie (Ossuary)
  2 orc wizards
  Terence (D:3)
  2 iguanas
  A worker ant (D:4)
  A killer bee zombie (D:5)
  A big kobold zombie (Ossuary)
  A hound skeleton (D:7)
  4 mummies (Ossuary)
  10 adders
  3 gnolls (D:9)
  4 shadow imps
  2 oozes
  3 adder zombies (Ossuary)
  2 worms
  3 giant geckos
  15 orcs
  4 ball pythons
  15 bats
  2 giant cockroaches
  9 goblins
  11 hobgoblins
  10 jackals
  5 quokkas
  A giant cockroach zombie (D:3)
  A giant gecko zombie (D:5)
  A giant newt (D:6)
  A goblin zombie (Ossuary)
  2 hobgoblin zombies (Ossuary)
  8 kobolds
  2 kobold zombies (Ossuary)
  A quokka skeleton (D:5)
  A quokka zombie (D:7)
  12 rats
  A spectral orc (D:6)
  A fungus (D:2)
  A plant (D:4)
187 creatures vanquished.

Vanquished Creatures (collateral kills)
  A worker ant (D:8)
1 creature vanquished.

Vanquished Creatures (others)
  An adder (D:5)
1 creature vanquished.

Grand Total: 189 creatures vanquished

Notes
Turn   | Place    | Note
--------------------------------------------------------------
     0 | D:1      | Fluffy, the Troll Monk, began the quest for the Orb.
     0 | D:1      | Reached XP level 1. HP: 22/22 MP: 0/0
   380 | D:1      | Reached XP level 2. HP: 29/29 MP: 1/1
   642 | D:2      | Reached XP level 3. HP: 32/36 MP: 2/2
   694 | D:2      | Noticed Ijyb
   707 | D:2      | Killed Ijyb
   833 | D:2      | Reached XP level 4. HP: 42/45 MP: 3/3
  1014 | D:2      | Noticed Crazy Yiuf
  1019 | D:2      | Killed Crazy Yiuf
  1116 | D:3      | Found an iron altar of Okawaru.
  1124 | D:3      | Found a radiant altar of Vehumet.
  1453 | D:3      | Reached XP level 5. HP: 45/53 MP: 4/4
  1479 | D:3      | Noticed Terence
  1490 | D:3      | Killed Terence
  1618 | D:3      | Found a bloodstained altar of Trog.
  1794 | D:4      | Found Feedan's Jewellery Boutique.
  1878 | D:4      | Found a white marble altar of Elyvilon.
  2105 | D:4      | Reached skill level 5 in Unarmed Combat
  2148 | D:4      | Found a staircase to the Ecumenical Temple.
  2213 | D:4      | Reached XP level 6. HP: 40/62 MP: 5/5
  2217 | Temple   | Entered the Ecumenical Temple
  2301 | Temple   | Became a worshipper of Makhleb the Destroyer
  2301 | Temple   | Acquired Makhleb's first power
  2301 | Temple   | Acquired Makhleb's second power
  2661 | D:4      | Reached skill level 1 in Invocations
  2947 | D:5      | Entered Level 5 of the Dungeon
  3372 | D:5      | Found a deep blue altar of Sif Muna.
  3702 | D:6      | Reached XP level 7. HP: 70/70 MP: 7/7
  3845 | D:6      | Noticed Edmund
  3853 | D:6      | Killed Edmund
  3853 | D:6      | Reached skill level 6 in Unarmed Combat
  3873 | D:6      | Noticed a two-headed ogre
  3880 | D:6      | Killed a two-headed ogre
  3880 | D:6      | Acquired Makhleb's third power
  3886 | D:6      | Reached XP level 8. HP: 58/79 MP: 7/9
  4000 | D:6      | Reached skill level 5 in Dodging
  4076 | D:6      | Found a basalt altar of Yredelemnul.
  4121 | D:6      | Reached skill level 5 in Fighting
  4605 | D:7      | Reached skill level 7 in Unarmed Combat
  4876 | D:7      | Acquired Makhleb's fourth power
  4964 | D:7      | Reached XP level 9. HP: 55/89 MP: 11/11
  5216 | D:8      | Found a sparkling altar of Nemelex Xobeh.
  5299 | D:8      | Found a sand-covered staircase.
  5309 | Ossuary  | Entered an ossuary
  5539 | D:8      | Found a staircase to the Lair.
  5586 | D:8      | Noticed a fire drake
  5601 | D:8      | Killed a fire drake
  5601 | D:8      | Reached skill level 5 in Invocations
  5899 | D:8      | Reached skill level 8 in Unarmed Combat
  5997 | D:8      | Found Paank's Magic Scroll Emporium.
  6238 | D:8      | Bought a scroll of magic mapping for 38 gold pieces
  6310 | D:9      | Found a flagged portal.
  6317 | D:9      | Acquired Makhleb's fifth power
  6348 | Bailey   | Entered a bailey
  6437 | Bailey   | Slain by an orc warrior

Action                   |  1- 3 |  4- 6 |  7- 9 || total
-------------------------+-------+-------+-------++-------
Melee: Unarmed           |    92 |   192 |   333 ||   617
Invok: Minor Destruction |       |       |    20 ||    20
  Use: Scroll            |       |       |    26 ||    26
 Stab: Sleeping          |       |     3 |     2 ||     5
  Eat: Chunk             |    11 |    22 |    31 ||    64
